 Dungeon Crawl Stone Soup version 0.29-a0-997-gf6f7e2dfe7 (webtiles) character file.

Game seed: 6641515999271856703

769 siradein the Conjurer (level 7, -3/75 HPs)
             Began as a Grey Draconian Conjurer on Aug 4, 2022.
             Slain by a hornet (8 damage)
             ... on level 7 of the Dungeon.
             The game lasted 00:09:24 (4208 turns).

siradein the Conjurer (Grey Draconian Conjurer)     Turns: 4208, Time: 00:09:25

Health: -3/75      AC: 23    Str:  9    XL:     7   Next: 52%
Magic:  13/15      EV:  2    Int: 20    God:
Gold:   160        SH:  0    Dex: 10    Spells: 6/17 levels left

rFire   . . .      SeeInvis .   u - +2 flail
rCold   . . .      Faith    .   (no shield)
rNeg    . . .      Spirit   .   (body armour unavailable)
rPois   +          Reflect  .   (helmet currently unavailable)
rElec   .          Harm     .   (cloak currently unavailable)
rCorr   .          Rampage  .   (gloves currently unavailable)
Will    .....      NoTele   +   (boots currently unavailable)
Stlth   ++........              s - amulet of magic regeneration
HPRegen 0.22/turn               (no ring)
MPRegen 0.54/turn               (no ring)

@: tree-form, slowed, very slow
A: stationary, stasis, torment immunity, boosted hp, AC +11, (amphibious),
unfitting armour, (cold-blooded)
a: no special abilities


You were on level 7 of the Dungeon.
You were a tree.
You visited 2 branches of the dungeon, and saw 6 of its levels.

You collected 160 gold pieces.

Inventory:

Hand Weapons
 u - a +2 flail (weapon)
Armour
 c - a +0 cloak (melded)
Magical Staves
 p - a staff of fire
Jewellery
 d - a ring of fire
 s - an amulet of magic regeneration (around neck)
Scrolls
 e - 3 scrolls of identify {unknown}
 g - a scroll of magic mapping {unknown}
 j - a scroll of poison {unknown}
 k - a scroll of brand weapon {unknown}
 l - a scroll of noise {unknown}
 o - a scroll of enchant armour {unknown}
 r - a scroll of vulnerability {unknown}
 t - a scroll of teleportation {unknown}
Potions
 a - a potion of magic
 b - 3 potions of lignification
 f - 2 potions of curing {unknown}
 h - a potion of haste {unknown}
 i - 3 potions of brilliance
 m - 5 potions of heal wounds {unknown}
 n - a potion of resistance {unknown}
 q - a potion of attraction {unknown}
 v - a potion of ambrosia {unknown}


   Skills:
 - Level 1.7 Dodging
 - Level 1.7 Stealth
 + Level 5.7 Spellcasting
 + Level 7.2 Conjurations


You had 6 spell levels left.
You knew the following spells:

 Your Spells              Type           Power      Damage    Failure   Level
a - Magic Dart            Conj           100%       1d8       1%          1
b - Searing Ray           Conj           68%        2d6       1%          2
c - Fulminant Prism       Conj/Hex       10%        3d9       24%         4
d - Iskenderun's Mystic   Conj/Tloc      20%        2d6       24%         4

Your spell library contained the following spells:

 Spells                   Type           Power      Damage    Failure   Level
 Dazzling Flash           Conj/Hex       40%        N/A       8%          3
 Freeze                   Ice            20%        1d4       11%         1
 Hailstorm                Conj/Ice       20%        3d6       24%         4
 Call Canine Familiar     Summ           5%         N/A       32%         3
 Frozen Ramparts          Ice            10%        1d9       32%         3
 Portal Projectile        Hex/Tloc       10%        N/A       32%         3
 Leda's Liquefaction      Hex/Erth       2%         N/A       71%         4


Dungeon Overview and Level Annotations

Branches:
Dungeon (7/15)             Temple (1/1) D:7

Altars:
Dithmenos
Fedhas
Hepliaklqana
Nemelex Xobeh
Okawaru
Ru
Sif Muna
Trog
Uskayaw
Yredelemnul
Zin
The Shining One

Shops:
D:2 *

Annotations:
D:3 1 runed translucent door, Crazy Yiuf, Ijyb


Innate Abilities, Weirdness & Mutations

You are a tree.
Your roots penetrate the ground, keeping you stationary.
You cannot be teleported.
You are immune to unholy pain and torment.
Your maximum health is greatly increased.
Your equipment is partially melded.
((Your dull iron-grey scales are very hard. (AC +11)))
((You are amphibious.))
You cannot fit into any form of body armour.
((You are cold-blooded and may be slowed by cold attacks.))


Message History

The hornet stings you but does no damage.
The orc closely misses you. The orc attacks as you move away!
The orc hits you but does no damage. The hornet attacks as you move away!
The hornet closely misses you.
You feel very sick. The hornet stings you.
* * * LOW HITPOINT WARNING * * *
You feel as though you will be slow longer.
* * * LOW HITPOINT WARNING * * *
You feel very sick. The hornet barely misses you.
It was a potion of lignification.
You turn into a tree.
Your +0 cloak melds into your body.
Your roots penetrate the ground.
You feel sick.
The hornet stings you but does no damage. x2
Casting: Searing Ray (safe; 1% risk of failure)
Confirm with . or Enter, or press ? or * to list all spells.
Aiming: Searing Ray (safe; 1% risk of failure)
Press: ? - help, Shift-Dir - straight line, f - hornet
Aim: a hornet (71% to hit)
The searing ray hits the hornet but does no damage.
The searing ray hits the orc!
The orc is almost dead. (Press . to maintain the ray.)
You feel sick.
The hornet stings you but does no damage.
The hornet stings you.
* * * LOW HITPOINT WARNING * * *
The hornet stings you but does no damage.
The searing ray hits the hornet!
The hornet is moderately wounded.
The searing ray misses the orc.
You feel sick. The hornet stings you.
* * * LOW HITPOINT WARNING * * *
The hornet stings you but does no damage.
The searing ray hits the hornet.
The hornet is moderately wounded.
The searing ray misses the orc.
You feel sick.
You are no longer poisoned.
The hornet completely misses you. The hornet stings you!
You die...

## ## #. .# #.
..# # #.
###..##. #. #<.
... #. #.#!.#
#.##.#..#
#.♣yo...#
####.######
#......#
######.#######
#.#.....#
#.#.....#
######.#.....#
#......#.....#
#.######.....###


You could see a hornet and an orc.

Vanquished Creatures
  Grinder (D:3)
  A water moccasin (D:7)
  An ice beast (D:7)
  A black bear (D:7)
  A scorpion (D:7)
  A wight (D:7)
  A hound (D:7)
  An orc priest (D:7)
  Jessica (D:2)
  A gnoll (D:7)
  2 adders
  A worm (D:3)
  2 dart slugs (D:2)
  8 orcs
  4 bats
  6 endoplasms
  2 giant cockroaches (D:3)
  4 goblins
  2 hobgoblins (D:1)
  4 quokkas
  3 ball pythons
  3 frilled lizards
  4 kobolds
  4 rats
59 creatures vanquished.

Notes
Turn   | Place    | Note
-------+----------+-------------------------------------------
     0 | D:1      | siradein the Draconian Conjurer began the quest for the
                  | Orb.
     0 | D:1      | Reached XP level 1. HP: 14/14 MP: 3/3
   221 | D:1      | Reached XP level 2. HP: 20/20 MP: 1/5
   916 | D:1      | Found a faded altar of an unknown god.
  1155 | D:1      | Learned a level 2 spell: Searing Ray
  1309 | D:2      | Reached XP level 3. HP: 26/26 MP: 1/7
  1465 | D:2      | Found Momaptor's Assorted Antiques.
  1510 | D:2      | Noticed Jessica
  1513 | D:2      | Killed Jessica
  1671 | D:2      | Reached XP level 4. HP: 33/33 MP: 6/8
  2135 | D:3      | Noticed Ijyb
  2135 | D:3      | Noticed Grinder
  2410 | D:3      | Reached skill level 5 in Conjurations
  2762 | D:3      | Found a runed translucent door.
  2763 | D:3      | Noticed Crazy Yiuf
  3261 | D:3      | Paralysed by Grinder for 4 turns
  3271 | D:3      | Killed Grinder
  3272 | D:3      | Reached XP level 5. HP: 16/38 MP: 2/11
  3272 | D:3      | Reached XP level 6. HP: 20/45 MP: 2/12
  3291 | D:4      | You fall into a shaft and drop 3 floors!
  3470 | D:7      | Reached skill level 6 in Conjurations
  3540 | D:7      | Learned a level 4 spell: Fulminant Prism
  3545 | D:7      | Learned a level 4 spell: Iskenderun's Mystic Blast
  3565 | D:7      | Found a staircase to the Ecumenical Temple.
  3568 | D:7      | Noticed a water moccasin
  3661 | D:7      | Killed a water moccasin
  3662 | D:7      | Reached skill level 5 in Spellcasting
  3674 | Temple   | Entered the Ecumenical Temple
  3934 | D:7      | Your scales start taking on a dull iron-grey colour.
  3934 | D:7      | Reached XP level 7. HP: 43/50 MP: 8/14
  4093 | D:7      | Reached skill level 7 in Conjurations
  4199 | D:7      | Noticed a hornet
  4208 | D:7      | Slain by a hornet

Illustrated notes

Levels and vault maps discovered:
D:1:      dpeg_arrival_brainrot, layout_basic, shapermc_ecumenical_altar_gd
D:2:      layout_basic, serial_shops, nicolae_shop_overgrown_old_shop,
          uniq_jessica
D:3:      layout_loops_ring, corner_web_ring, minmay_quantized, uniq_ijyb,
          uniq_grinder, uniq_crazy_yiuf_cottage
D:4:      layout_cave_pods, due_unseen_surprise, uniq_sigmund,
          uniq_blork_the_orc, uniq_natasha
D:7:      layout_loops_cross, cheibriados_altar_1, temple_fountains
Temple:   minmay_temple_bridge_abc

Skill      XL: |  1  2  3  4  5  6  7 |
---------------+----------------------+-----
Spellcasting   | 3 4 5 |  5.7
Conjurations   | 5 6 7 |  7.2
Dodging        | |  1.7
Stealth        | |  1.7

Action                   |  1- 3 |  4- 6 |  7- 9 || total
-------------------------+-------+-------+-------++-------
Melee: Short sword       |     9 |       |       ||     9
       Unarmed           |     1 |       |       ||     1
       Flail             |       |       |     1 ||     1
 Cast: Magic Dart        |    57 |    29 |    13 ||    99
       Searing Ray       |       |    13 |     7 ||    20
  Use: Potion            |       |       |     1 ||     1
Armor: Skin              |     3 |     6 |     8 ||    17
Dodge: Dodged            |     5 |    12 |     7 ||    24

Table legend: (Time is in decaauts)
 A = Elapsed time spent in this place.
 B = Non-inter-level travel time spent in this place.
 C = Inter-level travel time spent in this place.
 D = Time resting spent in this place.
 E = Time spent auto-exploring this place.
 F = Levels seen in this place.
 G = Mean time per level.
                   A        B        C        D        E       F      G
               +--------+--------+--------+--------+--------+-----+--------+
         Total |   4210 |   4140 |     70 |    228 |   3418 |   6 |  701.7 |
       Dungeon |   3958 |   3908 |     50 |    228 |   3206 |   5 |  791.6 |
        Temple |    251 |    231 |     20 |      0 |    212 |   1 |  251.0 |
               +--------+--------+--------+--------+--------+-----+--------+

Top non-repeatable levels by time:
     D:3: 1407 daAuts
     D:1: 1167 daAuts
     D:2: 715 daAuts
     D:7: 668 daAuts
  Temple: 251 daAuts
